 Dungeon Crawl Stone Soup version 0.30-a0-578-gdee14c521f (webtiles) character file.

Game seed: 5382767094489171875

84 wormed the Shooter (level 4, -2/23 HPs)
             Began as a Spriggan Hunter on Dec 31, 2022.
             Killed by nerve-wracking pain
             ... invoked by Grinder
              (14 damage)
             ... on level 3 of the Dungeon.
             The game lasted 00:01:51 (1816 turns).

wormed the Shooter (Spriggan Hunter)                Turns: 1816, Time: 00:01:52

Health: -2/23      AC:  2    Str:  7    XL:     4   Next: 23%
Magic:  5/5        EV: 18    Int: 10    God:
Gold:   137        SH:  0    Dex: 20    Spells: 3/3 levels left

rFire   . . .      SeeInvis +    a - +0 shortbow
rCold   + . .      Faith    .    (shield currently unavailable)
rNeg    . . .      Spirit   .    c - +0 robe
rPois   .          Reflect  .    (helmet restricted)
rElec   .          Harm     .    (no cloak)
rCorr   .          Rampage  .    (gloves unavailable)
Will    .....                    (boots unavailable)
Stlth   +++                      (no amulet)
HPRegen 0.23/turn                j - ring of protection from cold
MPRegen 0.09/turn                (no ring)

@: very quick
A: very small, no large weapons, unfitting armour, see invisible, speed 3
a: no special abilities


You were on level 3 of the Dungeon.
You visited 1 branch of the dungeon, and saw 3 of its levels.

You collected 137 gold pieces.

Inventory:

Hand Weapons
 a - a +0 shortbow (weapon)
Armour
 c - a +0 robe (worn)
Jewellery
 j - a ring of protection from cold (left hand)
Scrolls
 b - a scroll of immolation
 d - a scroll of amnesia {unknown}
 f - a scroll of fog {unknown}
 g - a scroll of blinking {unknown}
 i - a scroll of identify {unknown}
 k - 2 scrolls of noise {unknown}
 o - a scroll of teleportation {unknown}
 p - a scroll of silence {unknown}
Potions
 e - a potion of lignification {unknown}
 h - 3 potions of heal wounds {unknown}
 l - a potion of flight {unknown}
 m - a potion of mutation {unknown}
 n - 3 potions of degeneration {unknown}
 q - a potion of berserk rage {unknown}
 r - 2 potions of might {unknown}


   Skills:
 + Level 2.1 Fighting
 * Level 4.8 Ranged Weapons
 + Level 3.5 Dodging
 + Level 3.1 Stealth


You had 3 spell levels left.
You didn't know any spells.
Your spell library contained the following spells:

 Spells                   Type           Power      Damage    Failure   Level
 Ozocubu's Armour         Ice            0%         N/A       75%         3
 Ozocubu's Refrigeration  Ice            0%         4d7       100%        7


Dungeon Overview and Level Annotations

Branches:
Dungeon (3/15)

Altars:
Dithmenos

Annotations:
D:3 3 runed translucent doors, Grinder; demibob's ghost, amateur HOFi


Innate Abilities, Weirdness & Mutations

You are very small and have problems with some larger weapons.
You are too small for most types of armour.
You have supernaturally acute eyesight. (SInv)
You cover ground extremely quickly. (Speed+++)


Message History

No target in view!
No target in view!
No target in view!
HP restored.
Things that are here:
a +1 whip of electrocution; a kobold corpse
There is an open door here.
A rat comes into view.
The rat twitches its whiskers.
A rat is nearby!
A rat is nearby!
A rat is nearby!
You shoot an arrow. The arrow hits the rat!
You kill the rat!
No target in view!
No target in view!
You see here a rat corpse.
Found a shadowy altar of Dithmenos.
Grinder comes into view.
There is a shadowy altar of Dithmenos here.
Grinder is nearby!
Grinder is nearby!
Grinder is nearby!
You shoot an arrow.
Grinder shouts!
The arrow hits Grinder.
Grinder is lightly wounded.
You shoot an arrow. The arrow closely misses Grinder.
You shoot an arrow. The arrow hits Grinder!
Grinder is moderately wounded.
You shoot an arrow. The arrow closely misses Grinder.
Grinder hits you.
You writhe in agony.
You shoot an arrow. The arrow hits Grinder.
Grinder is moderately wounded.
Grinder misses you.
Grinder says, "Don't move a muscle."
Grinder gestures at you. Pain shoots through your body!
Ouch! That really hurt!
You die...

#####.#...†.....#
#.......###.##..#
#.###.#####.#...###
#.#.###.............#
#.......##..###.....#######
#.........#§###............
#.#.#.####§§§##.....#######
#.#....##§#.#§#.....#
#.#.#§..§§@_5§†)'####
......##§#§#§#..)##
###.##.###.§§#.....##
#.....§.#§#§......##
#####...###..........##.#..
...........'.........†.....
#####...####.........##.#..
##.## ##.......## #
###.#.## ##.....##


You could see Grinder.

Vanquished Creatures
  Robin (D:2)
  A worm (D:2)
  3 dart slugs
  An orc (D:3)
  4 ball pythons
  4 bats
  3 endoplasms
  A giant cockroach (D:1)
  12 goblins
  5 hobgoblins
  6 jackals (D:1)
  2 quokkas
  3 frilled lizards
  3 kobolds
  6 rats
55 creatures vanquished.

Notes
Turn   | Place    | Note
-------+----------+-------------------------------------------
     0 | D:1      | wormed the Spriggan Hunter began the quest for the Orb.
     0 | D:1      | Reached XP level 1. HP: 10/10 MP: 2/2
   173 | D:1      | Reached XP level 2. HP: 15/15 MP: 3/3
   464 | D:1      | Reached XP level 3. HP: 18/18 MP: 4/4
  1125 | D:2      | Noticed Robin
  1160 | D:2      | Killed Robin
  1163 | D:2      | Reached XP level 4. HP: 17/23 MP: 5/5
  1669 | D:3      | Found a runed translucent gate.
  1705 | D:3      | Found a runed translucent gate.
  1705 | D:3      | Found a runed translucent gate.
  1706 | D:3      | Noticed demibob's ghost (amateur HOFi)
  1806 | D:3      | Found a shadowy altar of Dithmenos.
  1811 | D:3      | Noticed Grinder
  1816 | D:3      | Killed from afar by Grinder

Illustrated notes

Levels and vault maps discovered:
D:1:      dpeg_arrival_signposts, layout_basic
D:2:      layout_basic, nicolae_hexahallways, uniq_robin
D:3:      layout_loops_corners, grunt_dithmenos_smoke_and_mirrors,
          chequers_temple_overflow_minitemple, gammafunk_ghost_split,
          uniq_grinder, uniq_sigmund

Skill      XL: |  1  2  3 |
---------------+----------+-----
Stealth        | 2 3 |  3.1
Dodging        | 3 |  3.5
Fighting       | 2 |  2.1
Ranged Weapons | |  4.8

Action                   |  1- 3 |  4- 6 || total
-------------------------+-------+-------++-------
 Fire: Shortbow          |   105 |    34 ||   139
Armor: Robe              |     2 |       ||     2
Dodge: Dodged            |    33 |     6 ||    39

Table legend: (Time is in decaauts)
 A = Elapsed time spent in this place.
 B = Non-inter-level travel time spent in this place.
 C = Inter-level travel time spent in this place.
 D = Time resting spent in this place.
 E = Time spent auto-exploring this place.
 F = Levels seen in this place.
 G = Mean time per level.
                   A        B        C        D        E       F      G
               +--------+--------+--------+--------+--------+-----+--------+
         Total |   1227 |   1160 |     67 |      0 |    915 |   3 |  409.0 |
       Dungeon |   1227 |   1160 |     67 |      0 |    915 |   3 |  409.0 |
               +--------+--------+--------+--------+--------+-----+--------+

Top non-repeatable levels by time:
     D:1: 621 daAuts
     D:2: 496 daAuts
     D:3: 109 daAuts
